Avalanche vs Hurricanes

Created - January 26 2008 at 12:00

Goals
1 2 3 T
Avalanche 3 1 1 5
Hurricanes 0 2 2 4
Shots
1 2 3 T
Avalanche 11 7 13 31
Hurricanes 10 13 9 32

Period #1

1. Avalanche , Martin Straka 16 (Sergei Zubov, Wojtek Wolski) at 4:32 (PP)
2. Avalanche , Sergei Zubov 3 (Joni Pitkanen, Martin Straka) at 10:22 (PP)
3. Avalanche , Brandon Bochenski 6 (Marek Svatos, Derek Armstrong) at 19:56

Penalties :
Mikko Koivu (CAR) for Holding (Minor) at 0:51, Erik Cole (CAR) for Hooking (Minor) at 3:18, Karlis Skrastins (COL) for Tripping (Minor) at 5:55, Kevin Bieksa (CAR) for Roughing (Minor) at 9:51, Aaron Ward (CAR) for Holding (Minor) at 12:29

Period #2

4. Hurricanes , Erik Cole 14 (Ladislav Nagy, Brent Sopel) at 4:34
5. Avalanche , Mike Modano 24 (Keith Ballard, Mark Recchi) at 15:42 (PP)
6. Hurricanes , Erik Cole 15 (Ladislav Nagy, Brent Sopel) at 16:51

Penalties :
Keith Ballard (COL) for Roughing (Minor) at 5:18, Eric Staal (CAR) for Hooking (Minor) at 9:40, Sergei Gonchar (CAR) for Elbowing (Minor) at 11:57, Eric Staal (CAR) for Slashing (Minor) at 14:39, Karlis Skrastins (COL) for High sticking (Minor) at 18:25

Period #3

7. Hurricanes , Brent Sopel 4 (Erik Cole, Kevin Bieksa) at 2:33 (PP)
8. Avalanche , Kevin Klein 3 (Martin Straka, Wojtek Wolski) at 6:18 (PP)
9. Hurricanes , Erik Cole 16 (Mikko Koivu, Ladislav Nagy) at 13:29 (PP)

Penalties :
Joni Pitkanen (COL) for Hooking (Minor) at 2:05, Erik Cole (CAR) for Interference (Minor) at 5:17, Aaron Ward (CAR) for Hooking (Minor) at 10:09, Karlis Skrastins (COL) for Hooking (Minor) at 12:54, Ray Whitney (CAR) for Holding (Minor) at 16:12, Keith Ballard (COL) for High sticking (Minor) at 19:14

Goalie Stats

Mike Smith (COL), 28 saves from 32 shots - (0.875), W, 15-17-6, 60:00 minutes
Cristobal Huet (CAR), 14 saves from 18 shots - (0.778), 35:42 minutes
Cam Ward (CAR), 12 saves from 13 shots - (0.923), L, 8-7-4, 23:19 minutes

Players Stats

Avalanche
Player Name              G  A  P  +/- PIM S  H  SB FO MP 
-----------------------------------------------------------
Bill Thomas              0  0  0   0  0   1  0  0  2  10 
Brandon Bochenski        1  0  1   0  0   2  0  0  1  15 
Brett Mclean             0  0  0   0  0   1  0  0  21 13 
Derek Armstrong          0  1  1   0  0   1  1  0  13 15 
Gary Roberts             0  0  0   0  0   2  2  0  0  16 
Joni Pitkanen            0  1  1  -1  2   0  2  1  0  21 
Karlis Skrastins         0  0  0   0  6   2  0  1  0  18 
Keith Ballard            0  1  1   0  4   2  3  1  0  23 
Kevin Klein              1  0  1   0  0   1  0  4  0  17 
Marek Svatos             0  1  1   0  0   2  0  0  1  15 
Mark Recchi              0  1  1  -1  0   2  3  0  0  16 
Martin Straka            1  2  3  -1  0   3  1  0  1  17 
Mike Modano              1  0  1   0  0   4  0  0  28 19 
Patrick Sharp            0  0  0  -1  0   2  1  1  28 22 
Randy Jones              0  0  0   0  0   1  0  1  0  20 
Sergei Brylin            0  0  0   0  0   0  0  0  1  11 
Sergei Zubov             1  1  2  -1  0   5  0  1  0  26 
Wojtek Wolski            0  2  2   0  0   0  0  0  2  17 
Hurricanes
Player Name              G  A  P  +/- PIM S  H  SB FO MP 
-----------------------------------------------------------
Aaron Miller             0  0  0   0  0   0  1  0  0  19 
Aaron Ward               0  0  0   0  4   0  1  6  0  18 
Brendan Morrison         0  0  0   0  0   1  0  0  18 13 
Brent Sopel              1  2  3   2  0   1  2  0  0  23 
Cory Stillman            0  0  0   0  0   0  0  0  0  1  
Eric Belanger            0  0  0   0  0   0  0  0  13 9  
Eric Staal               0  0  0  -1  4   0  2  1  28 20 
Erik Cole                3  1  4   2  4   11 3  0  2  18 
Jed Ortmeyer             0  0  0   0  0   0  0  0  0  1  
Joe Corvo                0  0  0  -1  0   1  1  1  0  21 
Kevin Bieksa             0  1  1   2  2   0  4  2  0  23 
Ladislav Nagy            0  3  3   2  0   2  0  0  3  15 
Mikko Koivu              0  1  1   2  2   3  1  0  29 20 
Pavol Demitra            0  0  0  -1  0   2  2  0  1  20 
Ray Whitney              0  0  0  -1  2   6  1  0  2  21 
Sergei Gonchar           0  0  0  -1  2   0  0  0  0  22 
Shawn Bates              0  0  0   0  0   4  0  0  1  19 
Tom Kostopoulos          0  0  0   0  0   1  1  0  1  20 

3 Stars

1 - Erik Cole (CAR)
2 - Brent Sopel (CAR)
3 - Ladislav Nagy (CAR)

Power Play

Avalanche - 4 on 10 Attempt(s) - 40.00%
Hurricanes - 2 on 6 Attempt(s) - 33.33%

Penalty Kill

Avalanche - 4 on 6 Attempt(s) - 66.67% - Score 0 goal in Penalty Kill
Hurricanes - 6 on 10 Attempt(s) - 60.00% - Score 0 goal in Penalty Kill

Game Notes

Cam Ward enters game at 15:42 of 2nd period
Erik Cole has scored a Hat Trick!

Finance

Level 1 -- Attendance: 3389 (56.48%) -- Ticket Income $321,955.00
Level 2 -- Attendance: 4188 (77.84%) -- Ticket Income $230,340.00
Level 3 -- Attendance: 1320 (56.17%) -- Ticket Income $46,200.00
Level 4 -- Attendance: 2854 (71.35%) -- Ticket Income $57,080.00
Luxury Box -- Attendance: 618 (61.80%) -- Ticket Income $120,510.00
Game was played at the RBC Center
Total Attendance: 12369 (66.04%)
Total Ticket Income: $812,835.50
Other Income: $164,008.50
Total Income: $976,844.00


Play by Play

Period #1

0:01 of 1st period - Patrick Sharp wins face-off versus Eric Staal in neutral zone.
0:01 of 1st period - Patrick Sharp is hit by Pavol Demitra.
0:51 of 1st period - Minor Penalty to Mikko Koivu for Holding.
0:52 of 1st period - Erik Cole wins face-off versus Mike Modano in Avalanche zone.
1:15 of 1st period - Shot by Bill Thomas.
1:15 of 1st period - Shot Misses the Net.
1:17 of 1st period - Shot by Gary Roberts.
1:17 of 1st period - Shot Misses the Net.
1:19 of 1st period - Shot by Keith Ballard.
1:19 of 1st period - Stopped by Cristobal Huet without a rebound.
1:20 of 1st period - Patrick Sharp wins face-off versus Eric Belanger in Hurricanes zone.
1:23 of 1st period - Shot by Joni Pitkanen.
1:23 of 1st period - Shot Blocked by Kevin Bieksa.
2:02 of 1st period - Icing by Keith Ballard.
2:03 of 1st period - Pavol Demitra wins face-off versus Mike Modano in Avalanche zone.
2:53 of 1st period - Brandon Bochenski is hit by Erik Cole and loses puck.
3:18 of 1st period - Minor Penalty to Erik Cole for Hooking.
3:19 of 1st period - Eric Belanger wins face-off versus Patrick Sharp in Avalanche zone.
3:29 of 1st period - Off-side.
3:30 of 1st period - Eric Belanger wins face-off versus Mike Modano in neutral zone.
4:32 of 1st period - Shot by Martin Straka.
4:32 of 1st period - Goal by Martin Straka - Avalanche : 1 - Hurricanes : 0.
4:33 of 1st period - Derek Armstrong wins face-off versus Ray Whitney in neutral zone.
4:36 of 1st period - Sergei Gonchar is hit by Derek Armstrong and loses puck.
4:52 of 1st period - Icing by Pavol Demitra.
4:53 of 1st period - Brett Mclean wins face-off versus Ray Whitney in Hurricanes zone.
5:55 of 1st period - Minor Penalty to Karlis Skrastins for Tripping.
5:56 of 1st period - Mike Modano wins face-off versus Mikko Koivu in Avalanche zone.
6:27 of 1st period - Shot by Brent Sopel.
6:27 of 1st period - Shot Misses the Net.
6:29 of 1st period - Shot by Mikko Koivu.
6:29 of 1st period - Shot Misses the Net.
6:47 of 1st period - Brett Mclean is hit by Pavol Demitra and loses puck.
7:33 of 1st period - Shot by Erik Cole.
7:33 of 1st period - Stopped by Mike Smith with a rebound.
7:35 of 1st period - Shot by Mikko Koivu.
7:35 of 1st period - Stopped by Mike Smith with a rebound.
7:37 of 1st period - Shot by Mikko Koivu.
7:37 of 1st period - Shot Blocked by Patrick Sharp.
7:57 of 1st period - Shot by Brendan Morrison.
7:57 of 1st period - Shot Misses the Net.
8:01 of 1st period - Shot by Shawn Bates.
8:01 of 1st period - Stopped by Mike Smith without a rebound.
8:02 of 1st period - Derek Armstrong wins face-off versus Brendan Morrison in Avalanche zone.
8:11 of 1st period - Shot by Brendan Morrison.
8:11 of 1st period - Shot Misses the Net.
8:29 of 1st period - Shot by Shawn Bates.
8:29 of 1st period - Shot Blocked by Karlis Skrastins.
8:44 of 1st period - Icing by Aaron Miller.
8:45 of 1st period - Brendan Morrison wins face-off versus Mike Modano in Hurricanes zone.
8:54 of 1st period - Shot by Wojtek Wolski.
8:54 of 1st period - Shot Blocked by Aaron Ward.
8:56 of 1st period - Shot by Mike Modano.
8:56 of 1st period - Stopped by Cristobal Huet without a rebound.
8:57 of 1st period - Eric Staal wins face-off versus Patrick Sharp in Hurricanes zone.
9:15 of 1st period - Off-side.
9:16 of 1st period - Mikko Koivu wins face-off versus Mike Modano in neutral zone.
9:23 of 1st period - Shot by Ladislav Nagy.
9:23 of 1st period - Stopped by Mike Smith without a rebound.
9:24 of 1st period - Eric Staal wins face-off versus Mike Modano in Avalanche zone.
9:42 of 1st period - Off-side.
9:43 of 1st period - Brandon Bochenski wins face-off versus Mikko Koivu in neutral zone.
9:51 of 1st period - Minor Penalty to Kevin Bieksa for Roughing.
9:52 of 1st period - Eric Belanger wins face-off versus Patrick Sharp in Hurricanes zone.
10:22 of 1st period - Shot by Sergei Zubov.
10:22 of 1st period - Goal by Sergei Zubov - Avalanche : 2 - Hurricanes : 0.
10:23 of 1st period - Derek Armstrong wins face-off versus Eric Staal in neutral zone.
10:33 of 1st period - Icing by Sergei Gonchar.
10:34 of 1st period - Brett Mclean wins face-off versus Eric Staal in Hurricanes zone.
11:00 of 1st period - Icing by Keith Ballard.
11:01 of 1st period - Brett Mclean wins face-off versus Mikko Koivu in Avalanche zone.
12:29 of 1st period - Minor Penalty to Aaron Ward for Holding.
12:30 of 1st period - Mikko Koivu wins face-off versus Mike Modano in Hurricanes zone.
12:30 of 1st period - Shawn Bates is hit by Gary Roberts and loses puck.
12:49 of 1st period - Shot by Mark Recchi.
12:49 of 1st period - Stopped by Cristobal Huet with a rebound.
12:53 of 1st period - Shot by Mark Recchi.
12:53 of 1st period - Stopped by Cristobal Huet without a rebound.
12:54 of 1st period - Patrick Sharp wins face-off versus Mikko Koivu in Hurricanes zone.
13:12 of 1st period - Shot by Sergei Zubov.
13:12 of 1st period - Stopped by Cristobal Huet without a rebound.
13:13 of 1st period - Eric Belanger wins face-off versus Mike Modano in Hurricanes zone.
14:51 of 1st period - Shot by Erik Cole.
14:51 of 1st period - Stopped by Mike Smith with a rebound.
14:55 of 1st period - Shot by Eric Staal.
14:55 of 1st period - Shot Blocked by Kevin Klein.
14:57 of 1st period - Shot by Sergei Gonchar.
14:57 of 1st period - Shot Misses the Net.
14:59 of 1st period - Shot by Ray Whitney.
14:59 of 1st period - Shot Blocked by Kevin Klein.
15:01 of 1st period - Shot by Erik Cole.
15:01 of 1st period - Stopped by Mike Smith with a rebound.
15:37 of 1st period - Shot by Brett Mclean.
15:37 of 1st period - Shot Blocked by Aaron Ward.
15:41 of 1st period - Shot by Sergei Zubov.
15:41 of 1st period - Stopped by Cristobal Huet with a rebound.
15:43 of 1st period - Shot by Sergei Brylin.
15:43 of 1st period - Shot Misses the Net.
15:45 of 1st period - Shot by Bill Thomas.
15:45 of 1st period - Stopped by Cristobal Huet without a rebound.
15:46 of 1st period - Mikko Koivu wins face-off versus Mike Modano in Hurricanes zone.
16:04 of 1st period - Shot by Mikko Koivu.
16:04 of 1st period - Stopped by Mike Smith with a rebound.
16:08 of 1st period - Shot by Ladislav Nagy.
16:08 of 1st period - Shot Misses the Net.
16:10 of 1st period - Shot by Erik Cole.
16:10 of 1st period - Stopped by Mike Smith without a rebound.
16:11 of 1st period - Eric Staal wins face-off versus Patrick Sharp in Avalanche zone.
16:12 of 1st period - Shot by Ray Whitney.
16:12 of 1st period - Shot Misses the Net.
16:22 of 1st period - Shot by Martin Straka.
16:22 of 1st period - Deflect By Patrick Sharp.
16:22 of 1st period - Shot Hit the Post.
17:00 of 1st period - Shot by Brandon Bochenski.
17:00 of 1st period - Shot Blocked by Eric Staal.
17:04 of 1st period - Shot by Brandon Bochenski.
17:04 of 1st period - Shot Misses the Net.
17:06 of 1st period - Shot by Karlis Skrastins.
17:06 of 1st period - Stopped by Cristobal Huet with a rebound.
17:34 of 1st period - Shot by Erik Cole.
17:34 of 1st period - Stopped by Mike Smith without a rebound.
17:35 of 1st period - Brendan Morrison wins face-off versus Mike Modano in Avalanche zone.
17:36 of 1st period - Shot by Shawn Bates.
17:36 of 1st period - Shot Blocked by Randy Jones.
17:53 of 1st period - Icing by Aaron Miller.
17:54 of 1st period - Brendan Morrison wins face-off versus Brett Mclean in Hurricanes zone.
19:03 of 1st period - Shot by Erik Cole.
19:03 of 1st period - Stopped by Mike Smith with a rebound.
19:18 of 1st period - Shot by Mike Modano.
19:18 of 1st period - Shot Misses the Net.
19:56 of 1st period - Shot by Brandon Bochenski.
19:56 of 1st period - Goal by Brandon Bochenski - Avalanche : 3 - Hurricanes : 0.
19:57 of 1st period - Shawn Bates wins face-off versus Brett Mclean in neutral zone.

Period #2

0:01 of 2nd period - Eric Staal wins face-off versus Patrick Sharp in neutral zone.
0:24 of 2nd period - Shot by Eric Staal.
0:24 of 2nd period - Shot Misses the Net.
0:32 of 2nd period - Sergei Gonchar is hit by Mark Recchi.
0:42 of 2nd period - Shot by Martin Straka.
0:42 of 2nd period - Shot Misses the Net.
1:11 of 2nd period - Sergei Zubov is hit by Erik Cole and loses puck.
1:24 of 2nd period - Shot by Wojtek Wolski.
1:24 of 2nd period - Shot Misses the Net.
1:29 of 2nd period - Icing by Ladislav Nagy.
1:30 of 2nd period - Derek Armstrong wins face-off versus Erik Cole in Hurricanes zone.
1:30 of 2nd period - Brandon Bochenski is hit by Kevin Bieksa and loses puck.
1:38 of 2nd period - Marek Svatos is hit by Kevin Bieksa and loses puck.
2:24 of 2nd period - Icing by Keith Ballard.
2:25 of 2nd period - Eric Staal wins face-off versus Mike Modano in Avalanche zone.
2:27 of 2nd period - Ray Whitney is hit by Keith Ballard and loses puck.
2:34 of 2nd period - Shot by Pavol Demitra.
2:34 of 2nd period - Shot Misses the Net.
2:36 of 2nd period - Shot by Pavol Demitra.
2:36 of 2nd period - Stopped by Mike Smith without a rebound.
2:37 of 2nd period - Eric Staal wins face-off versus Brett Mclean in Avalanche zone.
2:41 of 2nd period - Icing by Keith Ballard.
2:42 of 2nd period - Brendan Morrison wins face-off versus Brett Mclean in Avalanche zone.
2:42 of 2nd period - Aaron Ward is hit by Keith Ballard and loses puck.
2:48 of 2nd period - Icing by Keith Ballard.
2:49 of 2nd period - Eric Staal wins face-off versus Brett Mclean in Avalanche zone.
2:49 of 2nd period - Eric Staal is hit by Keith Ballard.
3:01 of 2nd period - Shot by Pavol Demitra.
3:01 of 2nd period - Stopped by Mike Smith without a rebound.
3:02 of 2nd period - Brendan Morrison wins face-off versus Wojtek Wolski in Avalanche zone.
3:25 of 2nd period - Shot by Mike Modano.
3:25 of 2nd period - Stopped by Cristobal Huet without a rebound.
3:26 of 2nd period - Eric Staal wins face-off versus Derek Armstrong in Hurricanes zone.
3:33 of 2nd period - Karlis Skrastins is hit by Ray Whitney and loses puck.
4:00 of 2nd period - Shot by Ray Whitney.
4:00 of 2nd period - Stopped by Mike Smith without a rebound.
4:01 of 2nd period - Patrick Sharp wins face-off versus Mikko Koivu in Avalanche zone.
4:34 of 2nd period - Shot by Erik Cole.
4:34 of 2nd period - Goal by Erik Cole - Avalanche : 3 - Hurricanes : 1.
4:35 of 2nd period - Brendan Morrison wins face-off versus Mike Modano in neutral zone.
5:18 of 2nd period - Minor Penalty to Keith Ballard for Roughing.
5:19 of 2nd period - Eric Staal wins face-off versus Brett Mclean in Avalanche zone.
5:38 of 2nd period - Shot by Ray Whitney.
5:38 of 2nd period - Stopped by Mike Smith without a rebound.
5:39 of 2nd period - Mikko Koivu wins face-off versus Brett Mclean in Avalanche zone.
6:22 of 2nd period - Shot by Kevin Bieksa.
6:22 of 2nd period - Shot Blocked by Joni Pitkanen.
7:25 of 2nd period - Shot by Shawn Bates.
7:25 of 2nd period - Stopped by Mike Smith without a rebound.
7:26 of 2nd period - Brendan Morrison wins face-off versus Patrick Sharp in Avalanche zone.
7:56 of 2nd period - Off-side.
7:57 of 2nd period - Eric Staal wins face-off versus Derek Armstrong in neutral zone.
8:00 of 2nd period - Shot by Ray Whitney.
8:00 of 2nd period - Shot Misses the Net.
8:24 of 2nd period - Shot by Pavol Demitra.
8:24 of 2nd period - Shot Blocked by Kevin Klein.
8:26 of 2nd period - Shot by Pavol Demitra.
8:26 of 2nd period - Deflect By Eric Staal.
8:26 of 2nd period - Shot Blocked by Kevin Klein.
8:28 of 2nd period - Shot by Joe Corvo.
8:28 of 2nd period - Stopped by Mike Smith without a rebound.
8:29 of 2nd period - Mike Modano wins face-off versus Mikko Koivu in Avalanche zone.
8:44 of 2nd period - Shot by Wojtek Wolski.
8:44 of 2nd period - Shot Misses the Net.
8:46 of 2nd period - Shot by Randy Jones.
8:46 of 2nd period - Stopped by Cristobal Huet without a rebound.
8:47 of 2nd period - Brendan Morrison wins face-off versus Brett Mclean in Hurricanes zone.
9:30 of 2nd period - Shot by Shawn Bates.
9:30 of 2nd period - Stopped by Mike Smith without a rebound.
9:31 of 2nd period - Derek Armstrong wins face-off versus Eric Staal in Avalanche zone.
9:31 of 2nd period - Derek Armstrong is hit by Eric Staal.
9:40 of 2nd period - Minor Penalty to Eric Staal for Hooking.
9:41 of 2nd period - Mike Modano wins face-off versus Eric Belanger in neutral zone.
9:44 of 2nd period - Shot by Keith Ballard.
9:44 of 2nd period - Shot Misses the Net.
9:46 of 2nd period - Shot by Keith Ballard.
9:46 of 2nd period - Stopped by Cristobal Huet without a rebound.
9:47 of 2nd period - Wojtek Wolski wins face-off versus Eric Belanger in Hurricanes zone.
9:55 of 2nd period - Icing by Joni Pitkanen.
9:56 of 2nd period - Patrick Sharp wins face-off versus Mikko Koivu in Avalanche zone.
10:13 of 2nd period - Shot by Martin Straka.
10:13 of 2nd period - Deflect By Patrick Sharp.
10:13 of 2nd period - Stopped by Cristobal Huet without a rebound.
10:14 of 2nd period - Tom Kostopoulos wins face-off versus Mike Modano in Hurricanes zone.
11:08 of 2nd period - Tom Kostopoulos is hit by Patrick Sharp and loses puck.
11:36 of 2nd period - Wojtek Wolski is hit by Aaron Miller.
11:54 of 2nd period - Shot by Brandon Bochenski.
11:54 of 2nd period - Shot Misses the Net.
11:57 of 2nd period - Minor Penalty to Sergei Gonchar for Elbowing.
11:58 of 2nd period - Mike Modano wins face-off versus Eric Belanger in Hurricanes zone.
12:18 of 2nd period - Shot by Randy Jones.
12:18 of 2nd period - Shot Misses the Net.
12:20 of 2nd period - Shot by Keith Ballard.
12:20 of 2nd period - Shot Blocked by Kevin Bieksa.
13:52 of 2nd period - Shot by Mark Recchi.
13:52 of 2nd period - Deflect By Gary Roberts.
13:52 of 2nd period - Stopped by Cristobal Huet without a rebound.
13:53 of 2nd period - Eric Belanger wins face-off versus Bill Thomas in Hurricanes zone.
14:08 of 2nd period - Shot by Marek Svatos.
14:08 of 2nd period - Shot Misses the Net.
14:20 of 2nd period - Shot by Brandon Bochenski.
14:20 of 2nd period - Stopped by Cristobal Huet without a rebound.
14:21 of 2nd period - Eric Staal wins face-off versus Brett Mclean in Hurricanes zone.
14:39 of 2nd period - Minor Penalty to Eric Staal for Slashing.
14:40 of 2nd period - Patrick Sharp wins face-off versus Mikko Koivu in neutral zone.
14:40 of 2nd period - Martin Straka is hit by Mikko Koivu and loses puck.
15:05 of 2nd period - Patrick Sharp is hit by Tom Kostopoulos and loses puck.
15:40 of 2nd period - Shot by Keith Ballard.
15:40 of 2nd period - Shot Blocked by Aaron Ward.
15:42 of 2nd period - Shot by Mike Modano.
15:42 of 2nd period - Goal by Mike Modano - Avalanche : 4 - Hurricanes : 1.
15:42 of 2nd period - Cam Ward enters game.
15:43 of 2nd period - Brett Mclean wins face-off versus Eric Staal in neutral zone.
15:55 of 2nd period - Shot by Eric Staal.
15:55 of 2nd period - Shot Misses the Net.
15:59 of 2nd period - Shot by Eric Staal.
15:59 of 2nd period - Deflect By Ray Whitney.
15:59 of 2nd period - Stopped by Mike Smith with a rebound.
16:01 of 2nd period - Shot by Pavol Demitra.
16:01 of 2nd period - Shot Misses the Net.
16:19 of 2nd period - Shot by Ray Whitney.
16:19 of 2nd period - Stopped by Mike Smith with a rebound.
16:51 of 2nd period - Shot by Erik Cole.
16:51 of 2nd period - Goal by Erik Cole - Avalanche : 4 - Hurricanes : 2.
16:52 of 2nd period - Brendan Morrison wins face-off versus Marek Svatos in neutral zone.
17:03 of 2nd period - Shot by Tom Kostopoulos.
17:03 of 2nd period - Shot Misses the Net.
17:07 of 2nd period - Shot by Shawn Bates.
17:07 of 2nd period - Stopped by Mike Smith without a rebound.
17:08 of 2nd period - Patrick Sharp wins face-off versus Mikko Koivu in Avalanche zone.
18:25 of 2nd period - Minor Penalty to Karlis Skrastins for High sticking.
18:26 of 2nd period - Mike Modano wins face-off versus Eric Staal in Avalanche zone.
19:07 of 2nd period - Shot by Eric Staal.
19:07 of 2nd period - Deflect By Ray Whitney.
19:07 of 2nd period - Shot Misses the Net.
19:33 of 2nd period - Shot by Erik Cole.
19:33 of 2nd period - Deflect By Ladislav Nagy.
19:33 of 2nd period - Stopped by Mike Smith without a rebound.
19:34 of 2nd period - Mikko Koivu wins face-off versus Mike Modano in Avalanche zone.

Period #3

0:01 of 3rd period - Eric Staal wins face-off versus Brett Mclean in neutral zone.
0:27 of 3rd period - Icing by Sergei Gonchar.
0:28 of 3rd period - Derek Armstrong wins face-off versus Mikko Koivu in Hurricanes zone.
0:41 of 3rd period - Shot by Derek Armstrong.
0:41 of 3rd period - Stopped by Cam Ward with a rebound.
0:43 of 3rd period - Shot by Karlis Skrastins.
0:43 of 3rd period - Stopped by Cam Ward with a rebound.
0:45 of 3rd period - Shot by Brandon Bochenski.
0:45 of 3rd period - Shot Misses the Net.
0:47 of 3rd period - Shot by Marek Svatos.
0:47 of 3rd period - Stopped by Cam Ward without a rebound.
0:48 of 3rd period - Patrick Sharp wins face-off versus Brendan Morrison in Hurricanes zone.
0:53 of 3rd period - Shot by Sergei Zubov.
0:53 of 3rd period - Stopped by Cam Ward without a rebound.
0:54 of 3rd period - Eric Staal wins face-off versus Mike Modano in Hurricanes zone.
1:56 of 3rd period - Shot by Mikko Koivu.
1:56 of 3rd period - Shot Blocked by Keith Ballard.
1:58 of 3rd period - Shot by Erik Cole.
1:58 of 3rd period - Stopped by Mike Smith without a rebound.
1:59 of 3rd period - Brendan Morrison wins face-off versus Patrick Sharp in Avalanche zone.
1:59 of 3rd period - Shawn Bates is hit by Joni Pitkanen.
2:02 of 3rd period - Icing by Sergei Zubov.
2:03 of 3rd period - Brendan Morrison wins face-off versus Patrick Sharp in Avalanche zone.
2:03 of 3rd period - Shawn Bates is hit by Joni Pitkanen and loses puck.
2:05 of 3rd period - Minor Penalty to Joni Pitkanen for Hooking.
2:06 of 3rd period - Brett Mclean wins face-off versus Mikko Koivu in Avalanche zone.
2:27 of 3rd period - Shot by Kevin Bieksa.
2:27 of 3rd period - Shot Misses the Net.
2:29 of 3rd period - Shot by Erik Cole.
2:29 of 3rd period - Shot Misses the Net.
2:31 of 3rd period - Shot by Brent Sopel.
2:31 of 3rd period - Shot Misses the Net.
2:33 of 3rd period - Shot by Brent Sopel.
2:33 of 3rd period - Goal by Brent Sopel - Avalanche : 4 - Hurricanes : 3.
2:34 of 3rd period - Derek Armstrong wins face-off versus Brendan Morrison in neutral zone.
2:55 of 3rd period - Brandon Bochenski is hit by Aaron Ward.
3:30 of 3rd period - Shot by Martin Straka.
3:30 of 3rd period - Stopped by Cam Ward with a rebound.
3:32 of 3rd period - Shot by Martin Straka.
3:32 of 3rd period - Shot Blocked by Aaron Ward.
3:57 of 3rd period - Shot by Mark Recchi.
3:57 of 3rd period - Deflect By Martin Straka.
3:57 of 3rd period - Shot Blocked by Aaron Ward.
4:06 of 3rd period - Brendan Morrison is hit by Gary Roberts and loses puck.
4:16 of 3rd period - Off-side.
4:17 of 3rd period - Eric Staal wins face-off versus Brett Mclean in neutral zone.
4:23 of 3rd period - Icing by Sergei Zubov.
4:24 of 3rd period - Ladislav Nagy wins face-off versus Brett Mclean in Avalanche zone.
4:28 of 3rd period - Icing by Sergei Zubov.
4:29 of 3rd period - Eric Staal wins face-off versus Bill Thomas in Avalanche zone.
5:10 of 3rd period - Shot by Ray Whitney.
5:10 of 3rd period - Stopped by Mike Smith without a rebound.
5:11 of 3rd period - Derek Armstrong wins face-off versus Mikko Koivu in Avalanche zone.
5:17 of 3rd period - Minor Penalty to Erik Cole for Interference.
5:18 of 3rd period - Eric Belanger wins face-off versus Mike Modano in Avalanche zone.
6:02 of 3rd period - Off-side.
6:03 of 3rd period - Mikko Koivu wins face-off versus Patrick Sharp in neutral zone.
6:16 of 3rd period - Shot by Martin Straka.
6:16 of 3rd period - Shot Blocked by Aaron Ward.
6:18 of 3rd period - Shot by Kevin Klein.
6:18 of 3rd period - Goal by Kevin Klein - Avalanche : 5 - Hurricanes : 3.
6:19 of 3rd period - Derek Armstrong wins face-off versus Eric Staal in neutral zone.
6:38 of 3rd period - Shot by Marek Svatos.
6:38 of 3rd period - Stopped by Cam Ward without a rebound.
6:39 of 3rd period - Ladislav Nagy wins face-off versus Patrick Sharp in Hurricanes zone.
6:39 of 3rd period - Mikko Koivu is hit by Mark Recchi and loses puck.
7:19 of 3rd period - Shot by Sergei Zubov.
7:19 of 3rd period - Shot Misses the Net.
8:17 of 3rd period - Shot by Mike Modano.
8:17 of 3rd period - Shot Misses the Net.
8:27 of 3rd period - Shot by Wojtek Wolski.
8:27 of 3rd period - Deflect By Mike Modano.
8:27 of 3rd period - Stopped by Cam Ward without a rebound.
8:28 of 3rd period - Sergei Brylin wins face-off versus Brendan Morrison in Hurricanes zone.
8:50 of 3rd period - Icing by Aaron Miller.
8:51 of 3rd period - Brendan Morrison wins face-off versus Patrick Sharp in Hurricanes zone.
8:58 of 3rd period - Shot by Brendan Morrison.
8:58 of 3rd period - Stopped by Mike Smith without a rebound.
8:59 of 3rd period - Mike Modano wins face-off versus Eric Staal in Avalanche zone.
8:59 of 3rd period - Mike Modano is hit by Erik Cole.
10:09 of 3rd period - Minor Penalty to Aaron Ward for Hooking.
10:10 of 3rd period - Patrick Sharp wins face-off versus Eric Belanger in Hurricanes zone.
10:10 of 3rd period - Patrick Sharp is hit by Brent Sopel.
10:24 of 3rd period - Shot by Patrick Sharp.
10:24 of 3rd period - Stopped by Cam Ward without a rebound.
10:25 of 3rd period - Patrick Sharp wins face-off versus Mikko Koivu in Hurricanes zone.
10:35 of 3rd period - Icing by Sergei Zubov.
10:36 of 3rd period - Patrick Sharp wins face-off versus Mikko Koivu in Avalanche zone.
10:38 of 3rd period - Icing by Martin Straka.
10:39 of 3rd period - Martin Straka wins face-off versus Mikko Koivu in Avalanche zone.
10:39 of 3rd period - Martin Straka is hit by Kevin Bieksa.
10:45 of 3rd period - Shawn Bates is hit by Martin Straka and loses puck.
11:30 of 3rd period - Icing by Keith Ballard.
11:31 of 3rd period - Mike Modano wins face-off versus Eric Belanger in Avalanche zone.
11:43 of 3rd period - Mike Modano is hit by Kevin Bieksa and loses puck.
12:54 of 3rd period - Minor Penalty to Karlis Skrastins for Hooking.
12:55 of 3rd period - Mikko Koivu wins face-off versus Brett Mclean in Avalanche zone.
13:11 of 3rd period - Off-side.
13:12 of 3rd period - Mikko Koivu wins face-off versus Brett Mclean in neutral zone.
13:25 of 3rd period - Shot by Erik Cole.
13:25 of 3rd period - Shot Blocked by Sergei Zubov.
13:29 of 3rd period - Shot by Mikko Koivu.
13:29 of 3rd period - Deflect By Erik Cole.
13:29 of 3rd period - Goal by Erik Cole - Avalanche : 5 - Hurricanes : 4.
13:30 of 3rd period - Brendan Morrison wins face-off versus Mike Modano in neutral zone.
14:32 of 3rd period - Shot by Mark Recchi.
14:32 of 3rd period - Shot Blocked by Joe Corvo.
14:34 of 3rd period - Shot by Sergei Zubov.
14:34 of 3rd period - Shot Misses the Net.
14:36 of 3rd period - Shot by Martin Straka.
14:36 of 3rd period - Stopped by Cam Ward without a rebound.
14:37 of 3rd period - Derek Armstrong wins face-off versus Mikko Koivu in Hurricanes zone.
14:43 of 3rd period - Marek Svatos is hit by Brent Sopel and loses puck.
14:55 of 3rd period - Icing by Mikko Koivu.
14:56 of 3rd period - Patrick Sharp wins face-off versus Mikko Koivu in Hurricanes zone.
15:00 of 3rd period - Icing by Ladislav Nagy.
15:01 of 3rd period - Ladislav Nagy wins face-off versus Patrick Sharp in Hurricanes zone.
15:10 of 3rd period - Shot by Erik Cole.
15:10 of 3rd period - Stopped by Mike Smith without a rebound.
15:11 of 3rd period - Eric Staal wins face-off versus Derek Armstrong in Avalanche zone.
15:14 of 3rd period - Shot by Ray Whitney.
15:14 of 3rd period - Stopped by Mike Smith without a rebound.
15:15 of 3rd period - Eric Staal wins face-off versus Patrick Sharp in Avalanche zone.
15:27 of 3rd period - Icing by Sergei Zubov.
15:28 of 3rd period - Patrick Sharp wins face-off versus Brendan Morrison in Avalanche zone.
16:07 of 3rd period - Shot by Tom Kostopoulos.
16:07 of 3rd period - Stopped by Mike Smith without a rebound.
16:08 of 3rd period - Eric Staal wins face-off versus Mike Modano in Avalanche zone.
16:12 of 3rd period - Minor Penalty to Ray Whitney for Holding.
16:13 of 3rd period - Mike Modano wins face-off versus Eric Belanger in Avalanche zone.
17:00 of 3rd period - Shot by Sergei Zubov.
17:00 of 3rd period - Stopped by Cam Ward without a rebound.
17:01 of 3rd period - Patrick Sharp wins face-off versus Mikko Koivu in Hurricanes zone.
17:19 of 3rd period - Icing by Martin Straka.
17:20 of 3rd period - Mikko Koivu wins face-off versus Patrick Sharp in Avalanche zone.
17:35 of 3rd period - Shot by Joni Pitkanen.
17:35 of 3rd period - Shot Misses the Net.
17:45 of 3rd period - Shot by Mike Modano.
17:45 of 3rd period - Deflect By Bill Thomas.
17:45 of 3rd period - Shot Misses the Net.
17:49 of 3rd period - Shot by Bill Thomas.
17:49 of 3rd period - Deflect By Mike Modano.
17:49 of 3rd period - Shot Misses the Net.
17:59 of 3rd period - Shot by Gary Roberts.
17:59 of 3rd period - Stopped by Cam Ward without a rebound.
18:00 of 3rd period - Mikko Koivu wins face-off versus Mike Modano in Hurricanes zone.
18:00 of 3rd period - Mikko Koivu is hit by Mark Recchi.
18:15 of 3rd period - Brandon Bochenski is hit by Joe Corvo and loses puck.
18:22 of 3rd period - Shot by Brandon Bochenski.
18:22 of 3rd period - Shot Misses the Net.
18:24 of 3rd period - Shot by Kevin Klein.
18:24 of 3rd period - Shot Misses the Net.
18:26 of 3rd period - Shot by Derek Armstrong.
18:26 of 3rd period - Shot Misses the Net.
18:49 of 3rd period - Icing by Eric Staal.
18:50 of 3rd period - Brett Mclean wins face-off versus Eric Staal in Hurricanes zone.
18:51 of 3rd period - Shot by Sergei Brylin.
18:51 of 3rd period - Deflect By Brett Mclean.
18:51 of 3rd period - Stopped by Cam Ward without a rebound.
18:52 of 3rd period - Mikko Koivu wins face-off versus Brett Mclean in Hurricanes zone.
19:01 of 3rd period - Hurricanes, Cam Ward is pulled from the net.
19:14 of 3rd period - Minor Penalty to Keith Ballard for High sticking.
19:15 of 3rd period - Mike Modano wins face-off versus Eric Staal in Avalanche zone.
19:15 of 3rd period - Mike Modano is hit by Eric Staal.
19:59 of 3rd period - Shot by Mikko Koivu.
19:59 of 3rd period - Stopped by Mike Smith without a rebound.


Output by the SimonT Hockey Simulator (STHS) for Stephane Roy -- Original Page W3C XHTML 1.0 Valid